 Dungeon Crawl Stone Soup version 0.24.1-11-gbbbb2193e6 (webtiles) character file.

Game seed: 11877751078610441397, levelgen mode: deterministic

429 Mrkan the Shield-Bearer (level 6, 0/53 HPs)
             Began as a Gnoll Fighter on May 14, 2020.
             Splashed by a jelly's acid (6 damage)
             ... on level 5 of the Dungeon.
             The game lasted 00:04:03 (2743 turns).

Mrkan the Shield-Bearer (Gnoll Fighter)             Turns: 2743, Time: 00:04:04

Health: 0/53       AC: -5    Str: 20    XL:     6   Next: 98%
Magic:  9/9        EV:  9    Int: 10    God:
Gold:   180        SH: 11    Dex: 15    Spells: 9/9 levels left

rFire    . . .     SeeInvis .   a - +0 trident
rCold    . . .     Gourm    .   c - +0 shield
rNeg     . . .     Faith    .   b - +0 scale mail
rPois    .         Spirit   .   h - +0 helmet
rElec    .         Reflect  .   (no cloak)
rCorr    .         Harm     .   j - +0 pair of gloves
MR       .....                  (no boots)
Stlth    +.........             (no amulet)
HPRegen  0.17/turn              (no ring)
MPRegen  0.11/turn              (no ring)

@: corroded
A: distributed training, fangs 1, strong nose
a: no special abilities


You were on level 5 of the Dungeon.
You were not hungry.

You visited 1 branch of the dungeon, and saw 5 of its levels.

You collected 180 gold pieces.

Inventory:

Hand Weapons
 a - a +0 trident (weapon)
Armour
 b - a +0 scale mail (worn)
 c - a +0 shield (worn)
 h - a +0 helmet (worn)
 j - a +0 pair of gloves (worn)
Jewellery
 r - a cursed ring of teleportation {unknown}
Scrolls
 e - 5 scrolls of identify {unknown}
 g - 6 scrolls of teleportation {unknown}
 i - a scroll of magic mapping {unknown}
 k - a scroll of noise {unknown}
 o - 2 scrolls of remove curse {unknown}
 q - a scroll of amnesia {unknown}
Potions
 d - a potion of might
 l - a potion of berserk rage {unknown}
 m - a potion of agility {unknown}
 n - 2 potions of curing {unknown}
 p - a potion of heal wounds {unknown}
Comestibles
 f - 5 rations


   Skills:
 + Level 6.9 Fighting
 + Level 2.1 Short Blades
 + Level 2.1 Long Blades
 + Level 2.1 Axes
 + Level 2.1 Maces & Flails
 + Level 5.0 Polearms
 + Level 2.1 Staves
 + Level 2.1 Slings
 + Level 2.1 Bows
 + Level 2.1 Crossbows
 + Level 2.1 Throwing
 + Level 6.9 Armour
 + Level 2.1 Dodging
 + Level 2.1 Stealth
 + Level 6.9 Shields
 + Level 2.1 Unarmed Combat
 + Level 2.1 Spellcasting
 + Level 1.7 Conjurations
 + Level 1.7 Hexes
 + Level 1.7 Charms
 + Level 1.7 Summonings
 + Level 1.7 Necromancy
 + Level 1.7 Translocations
 + Level 1.7 Transmutations
 + Level 1.7 Fire Magic
 + Level 1.7 Ice Magic
 + Level 1.7 Air Magic
 + Level 1.7 Earth Magic
 + Level 1.7 Poison Magic
 + Level 2.3 Invocations
 + Level 2.1 Evocations


You had 9 spell levels left.
You didn't know any spells.
Your spell library contained the following spells:

 Spells                   Type           Power        Failure   Level  Hunger
 Animate Skeleton         Necr           N/A          73%         1    ##.....
 Pain                     Necr           #...         73%         1    ##.....
 Regeneration             Chrm/Necr      #.........   97%         3    ####...
 Vampiric Draining        Necr           #.........   97%         3    ####...
 Animate Dead             Necr           N/A          100%        4    #####..


Dungeon Overview and Level Annotations

Branches:
Dungeon (5/15)
 Temple: D:4-7

Altars:
Fedhas
Xom

Annotations:
D:4 Ijyb


Innate Abilities, Weirdness & Mutations

Your experience applies equally to all skills.
You have very sharp teeth.
Your uncanny sense of smell can sniff out nearby items.


Message History

You bite the jelly, but do no damage.
The jelly is heavily wounded.
The jelly closely misses you.
You hit the jelly. The acid corrodes you!
Your hands burn!
The jelly is severely wounded.
The jelly barely misses you.
You hit the jelly but do no damage. The acid corrodes you!
Your hands burn!
The jelly is severely wounded.
The jelly hits you.
You are splashed with acid!
You completely miss the jelly. You bite the jelly.
The jelly is severely wounded.
The jelly hits you. The acid corrodes you!
You are splashed with acid!
* * * LOW HITPOINT WARNING * * *
You hit the jelly but do no damage.
Your hands burn!
* * * LOW HITPOINT WARNING * * *
The jelly is severely wounded.
The jelly barely misses you. The jelly hits you.
* * * LOW HITPOINT WARNING * * *
You are splashed with acid.
You die...

#........).#..........
#.........##..#...##
#......... #......#
......##.#....#
....#....#######+#+
.....#....##........
+...........'........
#....##..####........
.........@J..........
...#...####........ .
#<#+# #........ ...
#........ ....
#..(..... .. #........
. #........ ....#....


You could see a jelly.

Vanquished Creatures
  An ice beast (D:5)
  A scorpion (D:4)
  An orc wizard (D:4)
  A bullfrog skeleton (D:5)
  Jessica (D:2)
  3 worker ants (D:5)
  3 adders (D:2)
  3 gnolls (D:2)
  An ooze (D:3)
  An adder skeleton (D:4)
  3 worms
  2 dart slugs
  4 orcs
  3 bats
  6 giant cockroaches
  7 goblins
  7 hobgoblins
  3 jackals (D:3)
  7 kobolds
  2 quokkas (D:2)
  2 ball python skeletons (D:4)
  4 frilled lizards
  5 rats
71 creatures vanquished.

Notes
Turn   | Place    | Note
-------+----------+-------------------------------------------
     0 | D:1      | Mrkan the Gnoll Fighter began the quest for the Orb.
     0 | D:1      | Reached XP level 1. HP: 23/23 MP: 1/1
     0 | D:1      | Noticed a dwarf
     1 | D:1      | Noticed a troll
     3 | D:1      | Noticed a vampire
     3 | D:1      | Noticed a formicid
     5 | D:1      | Noticed a minotaur
     7 | D:1      | Noticed a vine stalker
     8 | D:1      | Noticed a naga
    10 | D:1      | Noticed a gargoyle
    12 | D:1      | Noticed a minotaur
    14 | D:1      | Noticed a formicid
    16 | D:1      | Noticed a gargoyle
    18 | D:1      | Noticed a centaur
    20 | D:1      | Noticed a human
   118 | D:1      | Reached XP level 2. HP: 24/29 MP: 2/2
   478 | D:2      | Noticed Jessica
   483 | D:2      | Killed Jessica
   483 | D:2      | Reached XP level 3. HP: 35/35 MP: 2/4
   495 | D:2      | Reached skill level 1 in Invocations
   581 | D:2      | Reached skill level 1 in Short Blades
   581 | D:2      | Reached skill level 1 in Long Blades
   581 | D:2      | Reached skill level 1 in Axes
   581 | D:2      | Reached skill level 1 in Maces & Flails
   581 | D:2      | Reached skill level 1 in Staves
   581 | D:2      | Reached skill level 1 in Slings
   581 | D:2      | Reached skill level 1 in Bows
   581 | D:2      | Reached skill level 1 in Crossbows
   581 | D:2      | Reached skill level 1 in Throwing
   581 | D:2      | Reached skill level 1 in Dodging
   581 | D:2      | Reached skill level 1 in Stealth
   581 | D:2      | Reached skill level 1 in Unarmed Combat
   581 | D:2      | Reached skill level 1 in Spellcasting
   581 | D:2      | Reached skill level 1 in Evocations
   581 | D:2      | Reached XP level 4. HP: 39/41 MP: 5/5
   716 | D:2      | Reached skill level 1 in Conjurations
   716 | D:2      | Reached skill level 1 in Hexes
   716 | D:2      | Reached skill level 1 in Charms
   716 | D:2      | Reached skill level 1 in Summonings
   716 | D:2      | Reached skill level 1 in Necromancy
   716 | D:2      | Reached skill level 1 in Translocations
   716 | D:2      | Reached skill level 1 in Transmutations
   716 | D:2      | Reached skill level 1 in Fire Magic
   716 | D:2      | Reached skill level 1 in Ice Magic
   716 | D:2      | Reached skill level 1 in Air Magic
   716 | D:2      | Reached skill level 1 in Earth Magic
   716 | D:2      | Reached skill level 1 in Poison Magic
   774 | D:2      | Found a blossoming altar of Fedhas.
   949 | D:2      | Reached XP level 5. HP: 47/47 MP: 6/6
  1483 | D:3      | Found a shimmering altar of Xom.
  1484 | D:3      | Found a shimmering altar of Xom.
  1485 | D:3      | Found a shimmering altar of Xom.
  1486 | D:3      | Found a shimmering altar of Xom.
  1487 | D:3      | Found a shimmering altar of Xom.
  1495 | D:3      | Found a shimmering altar of Xom.
  2371 | D:4      | Reached XP level 6. HP: 46/53 MP: 8/8
  2543 | D:4      | Noticed Ijyb
  2551 | D:5      | Entered Level 5 of the Dungeon
  2551 | D:5      | Noticed an ice beast
  2569 | D:5      | Killed an ice beast
  2569 | D:5      | Reached skill level 5 in Polearms
  2743 | D:5      | Splashed by a jelly's acid

Levels and vault maps discovered:
D:1:      shiori_arrival_whats_in_store_for_you, layout_rooms
D:2:      layout_basic, fedhas_altar_4, uniq_jessica
D:3:      layout_basic, xom_redecorated
D:4:      layout_gridville, first_ration, uniq_ijyb
D:5:      layout_basic

Skill      XL: |  1  2  3  4  5  6 |
---------------+-------------------+-----
Invocations    | 1 2 |  2.3
Short Blades   | 1 2 |  2.1
Long Blades    | 1 2 |  2.1
Axes           | 1 2 |  2.1
Maces & Flails | 1 2 |  2.1
Staves         | 1 2 |  2.1
Slings         | 1 2 |  2.1
Bows           | 1 2 |  2.1
Crossbows      | 1 2 |  2.1
Throwing       | 1 2 |  2.1
Dodging        | 1 2 |  2.1
Stealth        | 1 2 |  2.1
Unarmed Combat | 1 2 |  2.1
Spellcasting   | 1 2 |  2.1
Evocations     | 1 2 |  2.1
Conjurations   | 1 |  1.7
Hexes          | 1 |  1.7
Charms         | 1 |  1.7
Summonings     | 1 |  1.7
Necromancy     | 1 |  1.7
Translocations | 1 |  1.7
Transmutations | 1 |  1.7
Fire Magic     | 1 |  1.7
Ice Magic      | 1 |  1.7
Air Magic      | 1 |  1.7
Earth Magic    | 1 |  1.7
Poison Magic   | 1 |  1.7
Polearms       | 5 |  5.0
Fighting       | |  6.9
Armour         | |  6.9
Shields        | |  6.9

Action                   |  1- 3 |  4- 6 || total
-------------------------+-------+-------++-------
Melee: Trident           |    56 |   198 ||   254
       Bite              |     2 |    33 ||    35
  Eat: Chunk             |       |     6 ||     6
Armor: Scale mail        |    20 |    68 ||    88
Dodge: Dodged            |    25 |    54 ||    79
Block: Shield            |    30 |   103 ||   133
